 Dungeon Crawl Stone Soup version 0.21.1-1-g345015f (webtiles) character file.

26 theblackcape the Charmwright (level 3, 0/31 HPs)
             Began as a Gnoll Skald on July 14, 2018.
             Was a Follower of Vehumet.
             Slain by Terence
             ... wielding a +1 flail of crushing
              (5 damage)
             ... on level 2 of the Dungeon.
             The game lasted 00:02:53 (354 turns).

theblackcape the Charmwright (Gnoll Skald)           Turns: 354, Time: 00:02:54

Health: 0/31       AC:  3    Str: 14    XL:     3   Next: 8%
Magic:  0/9        EV: 14    Int: 15    God:    Vehumet [*.....]
Gold:   2          SH:  0    Dex: 14    Spells: 7/12 levels left

rFire    . . .     SeeInvis .   a - +0 falchion
rCold    . . .     Gourm    .   (no shield)
rNeg     . . .     Faith    .   b - +0 leather armour
rPois    .         Spirit   .   (no helmet)
rElec    .         Reflect  .   (no cloak)
rCorr    .         Harm     .   (no gloves)
MR       .....                  (no boots)
Stlth    +.........             (no amulet)
HPRegen  0.10/turn              (no ring)
MPRegen  0.11/turn              (no ring)

@: lethally poisoned (0 -> -3), infused (expiring), singing
A: distributed training, fangs 1, strong nose
a: Renounce Religion


You were on level 2 of the Dungeon.
You worshipped Vehumet.
Vehumet was aware of your devotion.
You were not hungry.

You visited 1 branch of the dungeon, and saw 2 of its levels.

You collected 2 gold pieces.

Inventory:

Hand Weapons
 a - a +0 falchion (weapon)
Armour
 b - a +0 leather armour (worn)
Scrolls
 f - 2 scrolls of blinking {unknown}
Potions
 e - 2 potions of degeneration {unknown}
Books
 c - a book of Battle

   Spells                             Type                      Level
   a - Infusion                       Charms                       1
   b - Shroud of Golubria             Charms/Translocation         2
   c - Song of Slaying                Charms                       2
   d - Spectral Weapon                Hexes/Charms                 3
   e - Regeneration                   Charms/Necromancy            3
Comestibles
 d - 2 rations


   Skills:
 + Level 4.5 Fighting
 + Level 0.6 Short Blades
 + Level 4.5 Long Blades
 + Level 0.6 Axes
 + Level 0.6 Maces & Flails
 + Level 0.6 Polearms
 + Level 0.6 Staves
 + Level 0.6 Slings
 + Level 0.6 Bows
 + Level 0.6 Crossbows
 + Level 0.6 Throwing
 + Level 2.5 Armour
 + Level 4.5 Dodging
 + Level 0.6 Stealth
 + Level 0.6 Shields
 + Level 0.6 Unarmed Combat
 + Level 5.0 Spellcasting
 + Level 0.4 Conjurations
 + Level 0.4 Hexes
 + Level 5.4 Charms
 + Level 0.4 Summonings
 + Level 0.4 Necromancy
 + Level 0.4 Translocations
 + Level 0.4 Transmutations
 + Level 0.4 Fire Magic
 + Level 0.4 Ice Magic
 + Level 0.4 Air Magic
 + Level 0.4 Earth Magic
 + Level 0.4 Poison Magic
 + Level 0.8 Invocations
 + Level 0.6 Evocations


You had 7 spell levels left.
You knew the following spells:

 Your Spells              Type           Power        Failure   Level  Hunger
a - Infusion              Chrm           ###.         2%          1    None
b - Shroud of Golubria    Chrm/Tloc      ##........   9%          2    ##.....
c - Song of Slaying       Chrm           ###.....     3%          2    ##.....


Dungeon Overview and Level Annotations

Branches:
Dungeon (2/15)

Altars:
Vehumet

Annotations:
D:2 Terence


Innate Abilities, Weirdness & Mutations

Your experience applies equally to all skills.
You have very sharp teeth.
Your uncanny sense of smell can sniff out nearby items.


Message History

You feel sick.
Your magical infusion is running out.
Terence barely misses you.
You closely miss Terence.
Terence is moderately wounded.
Terence barely misses you.
You closely miss Terence.
Terence is moderately wounded.
You feel sick. Terence completely misses you.
You hit Terence.
Terence is moderately wounded.
Terence misses you.
You riposte.
You barely miss Terence.
Terence is moderately wounded.
You completely miss Terence. You bite Terence.
Terence is moderately wounded.
Terence hits you but does no damage.
You hit Terence but do no damage.
Terence is moderately wounded.
Terence hits you with a flail of crushing.
You die...

#..# ########...#+#####
#..#### #.....##...#
#.....#######.....##...#
...........#......'....#
.......###.#......##...#
.......# #.#......####.#
.......# #.#......# .#
.......# #.#......# ..
.......# #.#....@@# ...
.......# #.#..)...# ..#
......(# #.#......#
.......# #.#.........#
.......# #.#.........+
######## #.#.........# #
#.#.........# #
#.#.........#
##########.#.........#


You could see Terence.

Vanquished Creatures
  An adder (D:2)
  A worm (D:2)
  A giant cockroach (D:2)
  2 hobgoblins (D:2)
  A ball python (D:2)
  A frilled lizard (D:2)
  3 goblins (D:2)
  4 kobolds (D:2)
  2 rats (D:2)
16 creatures vanquished.

Notes
Turn   | Place    | Note
-------+----------+-------------------------------------------
     0 | D:1      | theblackcape the Gnoll Skald began the quest for the Orb.
     0 | D:1      | Reached XP level 1. HP: 20/20 MP: 6/6
   108 | D:2      | Found a faded altar of an unknown god.
   122 | D:2      | Became a worshipper of Vehumet
   122 | D:2      | Reached * piety under Vehumet
   122 | D:2      | Offered knowledge of Sandblast by Vehumet.
   216 | D:2      | Reached XP level 2. HP: 19/26 MP: 0/7
   220 | D:2      | Learned a level 2 spell: Shroud of Golubria
   223 | D:2      | Learned a level 2 spell: Song of Slaying
   335 | D:2      | Noticed Terence
   340 | D:2      | Reached XP level 3. HP: 19/31 MP: 5/9
   346 | D:2      | Reached skill level 5 in Spellcasting
   354 | D:2      | Slain by Terence

Skill      XL: |  1  2  3 |
---------------+----------+-----
Spellcasting   | 5 |  5.0
Fighting       | |  4.5
Short Blades   | |  0.6
Long Blades    | |  4.5
Axes           | |  0.6
Maces & Flails | |  0.6
Polearms       | |  0.6
Staves         | |  0.6
Slings         | |  0.6
Bows           | |  0.6
Crossbows      | |  0.6
Throwing       | |  0.6
Armour         | |  2.5
Dodging        | |  4.5
Stealth        | |  0.6
Shields        | |  0.6
Unarmed Combat | |  0.6
Conjurations   | |  0.4
Hexes          | |  0.4
Charms         | |  5.4
Summonings     | |  0.4
Necromancy     | |  0.4
Translocations | |  0.4
Transmutations | |  0.4
Fire Magic     | |  0.4
Ice Magic      | |  0.4
Air Magic      | |  0.4
Earth Magic    | |  0.4
Poison Magic   | |  0.4
Invocations    | |  0.8
Evocations     | |  0.6

Action                   || total
-------------------------++-------
Melee: Falchion          ||    46
       Bite              ||     5
 Cast: Infusion          ||     4
       Shroud of Golubri ||     1
       Song of Slaying   ||     1
 Stab: Sleeping          ||     1
Armor: Leather armour    ||    10
Dodge: Dodged            ||    27
       Rpst.: Falchion   ||     5
